Map: [ESL] Goldenaura

Players

Ukko

  • Race: Zerg Zerg
  • Spawn Location: 12:00

Nina - Winner!

  • Race: Protoss Protoss
  • Spawn Location: 5:00

Event: ESL SC2 Masters 2023 Winter (Regional)

VOD

Have the link to the VOD?

Description

Time

  • Played on: Oct. 29, 2023, 2:53 p.m.
  • Length: 34:53

All games in this series

Show
View Real Time Build Order
Export as new Build Order

Ukko Zerg 

Build Orders: Hatch First, Brood Lord Corruptor 

Get SALT Encoding   

  12  0:00  Drone  
  13  0:09  Drone  
  14  0:14  Extractor, Drone  
  15  0:37  Hatchery  
  14  0:42  Extractor  
  14  0:43  Drone  
  14  0:49  Overlord  
  15  1:03  Spawning Pool  
  14  1:07  Drone  
  14  1:11  Drone  
  16  1:15  Drone  
  17  1:21  Drone  
  18  1:29  Extractor  
  18  1:32  Drone  
  18  1:41  Drone  
  19  1:50  Queen x2  
  19  1:52  Zergling x2  
  24  1:55  Drone  
  24  2:00  Drone  
  26  2:04  Overlord  
  26  2:12  Drone x2  
  28  2:23  Drone x2  
  30  2:34  Hatchery  
  29  2:38  Zergling x2  
  29  2:42  Metabolic Boost  
  30  2:47  Queen  
  32  2:55  Drone, Overlord  
  33  3:00  Zergling x4  
  35  3:07  Drone  
  35  3:09  Overlord  
  36  3:18  Drone x4  
  36  3:19  Queen  
  40  3:35  Drone  
  40  3:36  Drone x4  
  45  3:42  Drone x2  
  45  3:46  Queen  
  49  3:50  Drone  
  49  3:52  Drone  
  49  3:54  Queen  
  54  3:55  Drone  
  54  4:00  Queen  
  54  4:01  Overlord  
  56  4:08  Drone x2  
  58  4:12  Spore Crawler  
  58  4:15  Spore Crawler  
  58  4:16  Drone x2  
  58  4:19  Overlord  
  58  4:21  Zergling x6  
  58  4:23  Zergling x4  
  63  4:27  Zergling x4  
  65  4:33  Spore Crawler  
  65  4:36  Lair  
  63  4:41  Overlord  
  63  4:42  Overlord  
  63  4:43  Drone x2  
  66  4:45  Drone x2  
  66  4:52  Roach Warren  
  63  4:58  Drone x3, Evolution Chamber  
  65  5:08  Drone x7  
  65  5:10  Drone x2  
  65  5:12  Drone  
  75  5:16  Extractor  
  75  5:17  Extractor  
  66  5:31  Drone x2  
  66  5:34  Extractor, Roach x6  
  79  5:36  Extractor  
  79  5:38  Queen  
  79  5:40  Roach  
  82  5:44  Zergling x6  
  85  5:52  Zergling x2, Roach x2  
  90  5:57  Overlord x5  
  90  6:02  Zerg Missile Weapons Level 1  
  90  6:12  Glial Reconstitution  
  90  6:13  Overlord x2  
  90  6:14  Extractor  
  89  6:19  Drone x4  
  89  6:20  Drone x3  
  89  6:24  Roach x2  
  100  6:29  Drone x4  
  102  6:43  Drone x7  
  109  7:00  Spire  
  108  7:01  Overlord x2  
  108  7:04  Overseer  
  108  7:05  Overlord x3  
  108  7:10  Ravager x2  
  110  7:18  Roach x6  
  122  7:23  Hatchery  
  121  7:37  Overlord  
  121  7:38  Overlord  
  121  7:39  Overlord  
  121  7:50  Roach x9  
  138  7:57  Zerg Melee Weapons Level 1  
  138  7:59  Baneling Nest  
  138  8:00  Roach x4  
  145  8:15  Mutalisk x5  
  145  8:16  Mutalisk  
  157  8:21  Drone x3  
  157  8:22  Drone  
  157  8:24  Drone x3  
  164  8:28  Drone  
  165  8:34  Drone x2  
  165  8:39  Roach x7, Ravager  
  165  8:40  Ravager  
  185  8:41  Roach  
  185  8:45  Centrifugal Hooks  
  185  8:49  Roach x2  
  189  8:56  Roach x4  
  189  9:00  Roach  
  189  9:02  Zergling x2  
  182  9:13  Roach x10  
  187  9:21  Zergling x2  
  187  9:22  Zergling x16  
  194  9:26  Extractor  
  194  9:27  Extractor  
  194  9:29  Drone x2  
  194  9:31  Drone  
  190  9:34  Drone x2, Infestation Pit  
  190  9:35  Drone  
  192  9:38  Zergling x8  
  192  9:39  Zergling x6  
  198  9:50  Baneling x21  
  198  9:53  Zergling x2  
  198  9:55  Overlord  
  198  9:59  Overseer  
  199  10:07  Pneumatized Carapace, Spore Crawler  
  199  10:08  Overseer  
  198  10:15  Spore Crawler  
  198  10:18  Zerg Melee Weapons Level 2  
  198  10:19  Hive  
  197  10:21  Baneling x5  
  197  10:22  Hatchery  
  196  10:34  Zergling x8  
  200  10:37  Baneling  
  200  10:38  Baneling x10  
  200  10:41  Hatchery  
  186  10:50  Zergling x28  
  196  11:04  Baneling x8  
  196  11:09  Zerg Flyer Weapons Level 1  
  162  11:22  Zergling x12  
  162  11:23  Zergling x20  
  147  11:27  Zergling x24  
  147  11:32  Adrenal Glands  
  135  11:34  Ultralisk Cavern, Roach x6  
  143  11:41  Drone x2  
  143  11:42  Drone  
  143  11:43  Drone  
  143  11:45  Drone x2  
  149  11:49  Baneling x12  
  149  11:59  Corruptor x3  
  151  12:21  Ultralisk  
  151  12:22  Ultralisk x3  
  175  12:25  Extractor  
  175  12:26  Extractor, Spore Crawler, Drone, Spine Crawler  
  175  12:27  Drone  
  175  12:28  Drone  
  174  12:32  Drone x3  
  177  12:37  Chitinous Plating  
  177  12:45  Ultralisk  
  177  12:47  Ultralisk  
  189  12:57  Extractor  
  188  13:00  Extractor  
  188  13:02  Drone x3  
  188  13:03  Drone x3  
  188  13:04  Greater Spire  
  188  13:05  Zergling x14  
  199  13:08  Zerg Melee Weapons Level 3  
  199  13:09  Evolution Chamber  
  199  13:10  Baneling x5  
  199  13:11  Baneling  
  192  13:36  Corruptor x5  
  198  13:53  Spine Crawler  
  198  13:54  Spine Crawler  
  198  13:55  Spine Crawler  
  195  13:56  Spine Crawler x2  
  195  13:58  Spine Crawler  
  195  14:00  Spore Crawler  
  189  14:16  Brood Lord x5  
  198  14:30  Corruptor, Brood Lord x2  
  198  14:31  Corruptor x3  
  186  14:35  Anabolic Synthesis, Zerg Ground Armor Level 1  
  186  14:36  Zerg Flyer Armor Level 1  
  191  14:48  Overseer  
  191  14:49  Overseer  
  183  15:00  Corruptor x7  
  195  15:07  Drone x3  
  195  15:08  Drone x2  
  195  15:11  Spire  
  195  15:13  Burrow  
  198  15:14  Neural Parasite  
  196  15:51  Spore Crawler x4  
  196  15:53  Drone x9, Spore Crawler x3  
  196  15:55  Zerg Missile Weapons Level 2  
  196  15:59  Corruptor x2  
  192  16:05  Overseer  
  192  16:13  Corruptor x3  
  198  16:23  Zerg Flyer Weapons Level 2  
  196  16:37  Infestor  
  198  16:45  Corruptor  
  200  16:47  Zerg Flyer Armor Level 2  
  200  17:07  Spore Crawler  
  199  17:08  Spore Crawler  
  199  17:10  Spore Crawler  
  199  17:11  Overlord  
  199  17:12  Overseer, Overlord x3  
  199  17:13  Overseer x2  
  191  17:19  Zerg Ground Armor Level 2  
  191  17:21  Infestor x2  
  195  17:32  Corruptor x2  
  197  17:50  Infestor x2  
  193  18:12  Zergling x14  
  198  18:25  Spore Crawler  
  195  18:35  Brood Lord  
  195  18:39  Baneling x12  
  197  18:47  Drone x7, Spore Crawler x4  
  197  18:48  Spore Crawler x3  
  194  19:00  Zerg Flyer Weapons Level 3  
  194  19:03  Zerg Missile Weapons Level 3  
  194  19:09  Zergling x2  
  194  19:10  Zergling x20  
  193  19:18  Corruptor x2  
  193  19:21  Brood Lord  
  194  19:47  Corruptor x3  
  194  19:48  Corruptor  
  191  19:55  Corruptor x8  
  180  20:02  Ultralisk x2  
  180  20:03  Zergling x4  
  180  20:06  Zergling x12  
  200  20:26  Baneling x10  
  194  20:56  Zerg Flyer Armor Level 3  
  194  20:59  Zergling x10  
  199  21:04  Zergling x2  
  199  21:10  Overseer x2  
  196  21:11  Overlord x2  
  196  21:12  Overlord  
  197  21:25  Zergling x8  
  198  21:35  Extractor  
  198  21:36  Drone x2  
  198  21:42  Baneling x6  
  198  21:48  Hatchery  
  198  21:49  Extractor  
  198  21:53  Extractor  
  192  22:10  Ultralisk  
  198  22:23  Zerg Ground Armor Level 3  
  198  23:05  Spore Crawler x3  
  196  23:06  Spore Crawler  
  196  23:07  Spore Crawler x2  
  196  23:08  Drone x2  
  188  23:14  Corruptor x4  
  188  23:17  Brood Lord  
  198  23:20  Baneling x8  
  198  23:26  Overseer  
  198  23:30  Overseer x4  
  198  23:31  Overlord x3  
  198  23:42  Drone  
  198  23:46  Zergling x8  
  199  23:49  Spine Crawler  
  199  23:50  Spine Crawler  
  199  23:51  Zergling x6, Spine Crawler  
  199  23:52  Spine Crawler x2  
  199  23:54  Spore Crawler, Spine Crawler  
  199  23:55  Zergling x8, Spine Crawler  
  198  23:56  Spine Crawler  
  195  24:22  Corruptor x10  
  193  24:24  Corruptor x4  
  193  24:30  Baneling x4  
  193  24:31  Baneling x18  
  197  24:36  Brood Lord  
  198  24:58  Zergling x2  
  198  24:59  Zergling x32  
  195  25:14  Brood Lord  
  195  25:15  Brood Lord  
  199  25:39  Ultralisk  
  199  25:42  Ultralisk  
  192  25:56  Ultralisk  
  199  25:57  Zergling x4  
  182  26:28  Zergling x30  
  196  26:35  Corruptor  
  197  26:40  Drone  
  197  26:58  Hatchery  
  196  27:21  Corruptor  
  198  27:28  Overseer  
  198  27:29  Overseer  
  198  28:12  Corruptor x2  
  198  28:17  Extractor, Spore Crawler x3, Corruptor x3  
  198  28:18  Spore Crawler  
  198  28:19  Spore Crawler x2  
  197  28:20  Infestor, Spore Crawler  
  197  28:22  Spore Crawler  
  197  28:26  Infestor  
  199  28:31  Spore Crawler  
  197  28:41  Drone x2, Spine Crawler  
  197  28:42  Drone, Spine Crawler  
  197  28:43  Spore Crawler, Spine Crawler x4  
  197  28:44  Drone x6  
  197  28:45  Spine Crawler x2  
  197  28:46  Drone x2  
  197  28:47  Spine Crawler x2  
  197  28:48  Drone x2  
  199  29:24  Spore Crawler  
  180  29:52  Corruptor x7  
  154  29:53  Corruptor x10  
  130  30:00  Corruptor  
  130  30:05  Ultralisk x6  
  164  30:16  Corruptor x6  
  176  30:26  Infestor x3  
  182  30:51  Drone x6  
  182  30:53  Hatchery  
  187  31:36  Extractor  
  187  31:39  Extractor  
  185  31:50  Ultralisk  
  185  32:01  Brood Lord  
  187  32:02  Corruptor x2, Brood Lord  
  193  32:16  Drone x2  
  193  32:19  Drone x4  
  199  32:25  Ultralisk  
  199  32:27  Ultralisk  
  199  32:31  Zergling x2  
  194  32:42  Ultralisk  
  194  32:44  Ultralisk  
  193  32:53  Drone x4  
  193  32:57  Corruptor x3  
  199  33:04  Mutalisk  
  199  33:24  Zergling x2  
  196  33:37  Zergling x2  
  196  33:38  Zergling x10  
  195  33:58  Overseer x2  
  195  34:00  Zergling x12  
Show
View Real Time Build Order
Export as new Build Order

Nina Protoss - Winner!

Build Orders: 1 Gate Expand, Archon Immortal, Carriers, Archon Drop, Dark Templar Rush 

Get SALT Encoding   

  12  0:00  Probe  
  13  0:12  Probe  
  14  0:18  Pylon  
  14  0:24  Probe (Chrono Boost)  
  15  0:37  Probe (Chrono Boost)  
  15  0:38  Gateway  
  16  0:45  Probe (Chrono Boost)  
  17  0:51  Probe  
  17  0:52  Assimilator  
  18  1:03  Probe  
  19  1:15  Probe  
  20  1:27  Probe  
  20  1:31  Nexus  
  21  1:39  Cybernetics Core  
  21  1:42  Probe  
  22  1:49  Assimilator  
  22  1:55  Probe  
  22  1:58  Pylon  
  23  2:14  Adept (Chrono Boost)  
  23  2:16  Probe (Chrono Boost)  
  23  2:20  Pylon  
  26  2:24  Warp Gate  
  26  2:28  Probe (Chrono Boost)  
  27  2:31  Twilight Council  
  27  2:36  Adept (Chrono Boost), Probe (Chrono Boost)  
  28  2:42  Probe  
  28  2:43  Probe  
  32  2:52  Robotics Facility  
  32  2:54  Probe  
  32  2:56  Probe  
  34  3:06  Probe  
  34  3:08  Probe  
  34  3:11  Dark Shrine  
  36  3:17  Gateway  
  36  3:19  Probe  
  37  3:25  Gateway  
  37  3:27  Probe  
  37  3:34  Probe  
  39  3:35  Gateway  
  37  3:42  Warp Prism (Chrono Boost)  
  37  3:47  Probe  
  40  3:49  Probe  
  41  3:56  Assimilator  
  41  3:59  Assimilator, Probe  
  41  4:01  Probe  
  43  4:07  Pylon  
  43  4:11  Probe  
  43  4:13  Probe  
  45  4:23  Probe, Pylon  
  46  4:29  Dark Templar x2  
  46  4:30  Dark Templar  
  53  4:33  Dark Templar  
  53  4:37  Archon  
  54  4:40  Archon  
  54  4:41  Probe x2  
  54  4:43  Observer  
  57  4:53  Probe x2  
  57  4:54  Pylon  
  57  4:59  Forge  
  59  5:00  Charge  
  59  5:04  Zealot  
  59  5:05  Probe  
  62  5:09  Immortal (Chrono Boost)  
  62  5:10  Pylon  
  62  5:12  Probe  
  67  5:14  Dark Templar  
  67  5:17  Probe  
  70  5:23  Pylon x2  
  68  5:31  Protoss Ground Weapons Level 1 (Chrono Boost), Probe  
  68  5:35  Stalker  
  71  5:44  Nexus  
  71  5:49  Probe  
  72  5:51  Probe  
  73  5:57  Immortal (Chrono Boost)  
  73  6:01  Probe  
  73  6:02  Sentry x2  
  73  6:03  Pylon  
  82  6:07  Probe  
  82  6:13  Probe  
  82  6:16  Gateway  
  83  6:19  Gateway, Probe  
  83  6:21  Robotics Bay  
  84  6:25  Probe  
  84  6:32  Probe  
  86  6:33  Immortal (Chrono Boost)  
  90  6:49  Probe x2  
  90  6:50  Shield Battery  
  90  6:51  Sentry  
  94  6:56  Gateway  
  94  6:57  Probe  
  94  6:58  Gateway  
  95  7:04  Gateway, Probe  
  95  7:08  Probe, Colossus (Chrono Boost), Pylon  
  100  7:10  Sentry  
  100  7:14  Extended Thermal Lance, Probe  
  106  7:17  Probe (Chrono Boost)  
  108  7:23  Probe (Chrono Boost)  
  108  7:24  Pylon  
  108  7:27  Assimilator x2  
  108  7:29  Probe (Chrono Boost)  
  110  7:31  Probe (Chrono Boost)  
  110  7:32  Protoss Ground Weapons Level 2 (Chrono Boost)  
  111  7:37  Probe (Chrono Boost)  
  111  7:44  Pylon  
  111  7:52  Robotics Facility  
  111  7:55  Colossus (Chrono Boost)  
  117  7:59  Zealot x2  
  117  8:00  Zealot x4  
  117  8:02  Blink  
  129  8:08  Probe  
  130  8:17  Photon Cannon  
  130  8:18  Stargate  
  130  8:19  Photon Cannon  
  118  8:25  Photon Cannon  
  118  8:28  Photon Cannon  
  118  8:29  Probe  
  118  8:32  Photon Cannon  
  119  8:40  Observer (Chrono Boost)  
  120  8:41  Stargate  
  120  8:45  Pylon  
  120  8:46  Nexus  
  120  8:52  Protoss Air Weapons Level 1  
  120  8:57  Pylon  
  120  8:59  Probe  
  120  9:00  Probe  
  120  9:02  Phoenix  
  124  9:03  Pylon  
  114  9:10  Dark Templar  
  114  9:11  Dark Templar x3  
  114  9:12  Dark Templar  
  114  9:13  Probe  
  115  9:19  Immortal x2 (Chrono Boost)  
  121  9:24  Zealot x3  
  121  9:25  Zealot x3  
  121  9:26  Probe  
  121  9:28  Probe  
  121  9:30  Phoenix  
  121  9:31  Probe  
  138  9:38  Shield Battery, Probe  
  138  9:40  Shield Battery  
  139  9:51  Phoenix  
  141  9:54  Disruptor (Chrono Boost)  
  141  9:55  Disruptor (Chrono Boost)  
  149  10:04  Protoss Ground Weapons Level 3, Phoenix (Chrono Boost)  
  151  10:07  Photon Cannon  
  151  10:09  Probe  
  151  10:11  Photon Cannon  
  151  10:13  Probe  
  151  10:15  Probe  
  151  10:18  Assimilator x2  
  151  10:19  Phoenix (Chrono Boost)  
  151  10:20  Templar Archives  
  154  10:21  Probe  
  154  10:24  Photon Cannon  
  154  10:28  Observer  
  156  10:29  Photon Cannon  
  156  10:41  Fleet Beacon  
  149  10:57  Probe x2  
  149  10:59  Pylon  
  151  11:06  Zealot x2  
  151  11:07  Zealot x4  
  151  11:23  Zealot x3  
  151  11:24  Psionic Storm  
  147  11:26  Stalker  
  147  11:27  Stalker  
  147  11:31  Probe  
  129  11:42  Probe  
  129  11:44  Probe  
  129  11:45  Dark Templar  
  129  11:46  Carrier (Chrono Boost), Dark Templar x3  
  139  11:47  Carrier (Chrono Boost)  
  139  11:53  Archon x2  
  151  11:55  Probe  
  151  11:59  Photon Cannon x2  
  152  12:05  Protoss Air Weapons Level 2 (Chrono Boost)  
  152  12:15  High Templar x3  
  158  12:16  Pylon  
  158  12:29  Nexus  
  158  12:30  Dark Templar  
  158  12:31  Dark Templar  
  158  12:35  Archon  
  161  12:37  Carrier (Chrono Boost)  
  161  12:42  Probe x3  
  170  12:46  High Templar, Pylon  
  170  12:47  Pylon  
  172  12:51  Pylon  
  172  12:53  Pylon  
  172  12:55  Pylon  
  172  12:56  Probe  
  177  12:59  Carrier (Chrono Boost)  
  177  13:01  Photon Cannon  
  177  13:03  High Templar, Photon Cannon  
  177  13:04  Probe  
  180  13:07  Probe  
  180  13:11  Protoss Shields Level 1  
  181  13:17  Dark Templar  
  181  13:18  Dark Templar  
  181  13:19  Probe  
  186  13:20  Probe  
  186  13:21  Immortal (Chrono Boost)  
  186  13:22  Archon  
  186  13:23  Shield Battery  
  186  13:41  Carrier  
  192  13:46  Nexus  
  192  13:49  Shield Battery  
  192  13:51  Photon Cannon  
  192  13:53  Photon Cannon  
  192  14:00  Photon Cannon  
  192  14:02  Photon Cannon  
  192  14:05  Photon Cannon  
  192  14:14  Carrier (Chrono Boost)  
  196  14:22  Stargate x2  
  196  14:25  Photon Cannon  
  196  14:34  Protoss Air Weapons Level 3 (Chrono Boost)  
  196  14:37  Photon Cannon  
  196  14:39  Photon Cannon  
  196  14:40  Photon Cannon  
  196  14:42  Photon Cannon  
  196  14:44  Shield Battery  
  192  14:51  High Templar x4  
  198  14:56  Archon x2  
  198  15:05  Zealot  
  199  15:12  Assimilator x2  
  199  15:13  Protoss Shields Level 2 (Chrono Boost)  
  199  15:15  Nexus  
  199  15:20  Observer  
  200  15:27  Pylon  
  200  15:29  Pylon  
  200  15:35  Observer  
  200  15:36  Gateway  
  200  15:38  Gateway  
  200  15:42  Gateway  
  200  15:44  Pylon  
  200  15:46  Pylon  
  200  15:54  Probe x3  
  198  16:01  Photon Cannon  
  198  16:03  Photon Cannon, Pylon  
  198  16:17  Dark Templar  
  200  16:22  Observer  
  198  16:35  Nexus  
  198  16:39  Gateway, High Templar  
  200  16:40  Gateway  
  200  16:47  Photon Cannon, Shield Battery  
  200  16:49  Photon Cannon  
  200  16:51  Photon Cannon  
  200  16:53  Pylon  
  200  16:59  Photon Cannon  
  200  17:00  Photon Cannon  
  200  17:17  Photon Cannon  
  200  17:21  Photon Cannon  
  200  17:23  Photon Cannon  
  200  17:25  Photon Cannon  
  200  17:26  Photon Cannon  
  200  17:27  Photon Cannon  
  192  18:04  Photon Cannon  
  192  18:05  Photon Cannon x2  
  192  18:07  Photon Cannon  
  192  18:08  Tempest (Chrono Boost), Shield Battery  
  192  18:09  Photon Cannon  
  192  18:10  Photon Cannon  
  192  18:12  Photon Cannon  
  196  18:13  Assimilator  
  196  18:14  Photon Cannon  
  196  18:15  Assimilator  
  196  18:22  Observer  
  196  18:28  Tempest (Chrono Boost)  
  196  18:32  Protoss Shields Level 3  
  200  18:38  Tempest (Chrono Boost)  
  200  18:44  Protoss Air Armor Level 1 (Chrono Boost)  
  200  19:05  Observer  
  200  19:10  Nexus  
  200  19:15  Dark Templar x3  
  200  19:17  Shield Battery  
  200  19:19  Pylon  
  200  19:21  Pylon  
  200  19:30  Pylon  
  199  19:33  Pylon  
  199  19:35  Pylon  
  182  19:56  Tempest x2  
  183  20:04  Photon Cannon x2  
  183  20:06  Photon Cannon  
  183  20:07  Shield Battery  
  183  20:08  Photon Cannon  
  183  20:09  Photon Cannon x2  
  183  20:10  Gateway  
  183  20:11  Photon Cannon  
  183  20:12  Carrier x2  
  183  20:13  High Templar x2, Photon Cannon  
  199  20:18  Photon Cannon  
  199  20:19  Photon Cannon  
  199  20:21  Assimilator, Photon Cannon  
  199  20:52  Assimilator  
  199  20:55  Assimilator  
  199  20:57  Photon Cannon  
  199  21:00  Observer, Photon Cannon x2  
  199  21:01  Photon Cannon  
  199  21:03  Pylon  
  200  21:07  Shield Battery  
  200  21:20  Photon Cannon  
  200  21:21  Photon Cannon  
  200  21:22  Pylon  
  200  21:32  Pylon  
  200  21:35  High Templar, Pylon  
  200  21:38  High Templar x2  
  200  21:42  Archon  
  200  21:43  Photon Cannon  
  200  21:46  Protoss Ground Armor Level 1 (Chrono Boost)  
  200  21:55  Protoss Air Armor Level 2 (Chrono Boost)  
  200  22:01  Photon Cannon  
  200  22:02  Photon Cannon  
  200  22:05  Pylon  
  200  22:06  Pylon  
  200  22:12  Gravitic Boosters  
  200  22:39  Photon Cannon  
  200  22:44  Photon Cannon  
  200  22:47  Photon Cannon  
  200  22:49  Photon Cannon  
  200  22:52  Photon Cannon  
  200  22:54  Photon Cannon  
  200  22:55  Photon Cannon  
  200  23:01  Shield Battery  
  200  23:03  Photon Cannon  
  200  23:06  Photon Cannon  
  190  23:14  Tempest, Oracle  
  198  23:20  Dark Templar  
  200  23:32  Gateway  
  200  23:34  Gateway  
  198  23:36  Gateway  
  198  23:43  Protoss Ground Armor Level 2  
  198  23:49  Gateway  
  198  23:53  Pylon  
  167  24:24  Carrier (Chrono Boost)  
  167  24:25  Carrier x3 (Chrono Boost)  
  167  24:27  High Templar  
  167  24:28  High Templar  
  195  24:46  Zealot x2  
  199  24:59  High Templar x4  
  199  25:14  Archon  
  198  25:15  Archon  
  198  25:20  Gateway  
  198  25:22  Pylon  
  198  25:30  Shadow Stride  
  190  25:44  Zealot x5  
  194  25:51  Stalker x5  
  196  26:01  Oracle  
  191  26:17  High Templar x3  
  195  26:34  High Templar x2  
  195  26:43  Archon  
  193  26:50  High Templar  
  193  26:51  High Templar  
  197  26:55  Archon  
  187  27:44  Tempest  
  192  27:45  High Templar x2  
  192  27:46  High Templar x2  
  192  27:50  Archon  
  192  27:51  Protoss Air Armor Level 3, Archon  
  189  28:15  High Templar x2  
  193  28:20  Archon  
  193  28:27  High Templar x2  
  193  28:28  High Templar  
  193  28:32  High Templar  
  193  28:33  Archon  
  191  28:48  High Templar x2  
  191  28:49  High Templar x2  
  191  28:53  Archon x2  
  199  29:08  Unknown  
  199  29:23  Observer, Protoss Ground Armor Level 3 (Chrono Boost)  
  173  29:59  Carrier x2 (Chrono Boost)  
  143  30:08  Carrier (Chrono Boost)  
  143  30:10  Carrier (Chrono Boost)  
  143  30:33  High Templar x5  
  143  30:34  High Templar x2  
  143  30:35  High Templar  
  159  30:38  Archon x2  
  159  30:39  Archon  
  159  30:41  Archon  
  159  30:49  Observer  
  160  30:51  Tempest (Chrono Boost), Oracle (Chrono Boost)  
  168  30:59  Tempest x2  
  176  31:15  Zealot x8  
  176  31:16  Zealot x4  
  195  31:44  Carrier  
  176  32:06  Zealot  
  177  32:09  Zealot x3  
  177  32:10  Zealot x9  
  193  32:34  Zealot x7  
  193  32:35  Zealot  
  197  32:39  Zealot x2  
  197  32:40  Observer (Chrono Boost)  
  180  33:04  Zealot x11  
  180  33:05  Zealot x3  
  193  33:27  Observer  
  193  33:41  Dark Templar x3  
Tags
 
Add a new tag
Caveats
  • Supply blocks, unpowered buildings, or Contaminate may cause inaccurate times.
  • Supply counts are checked every 10 seconds.